Map: Magannatha LE

Players

KimChiLoVer - Winner!

  • Race: Terran Terran
  • League: Diamond
  • Spawn Location: 5:00

VOD

Have the link to the VOD?

Description

Time

  • Played on: Aug. 20, 2025, 9:57 p.m.
  • Length: 10:22
Show
View Real Time Build Order
Export as new Build Order

KimChiLoVer Terran - Winner!

Build Orders: Reaper Expand 

Get SALT Encoding   

  12  0:02  SCV  
  12  0:14  SCV  
  12  0:18  Supply Depot  
  12  0:26  SCV  
  12  0:39  SCV  
  12  0:41  Barracks  
  12  0:45  Refinery  
  12  0:55  SCV  
  12  1:07  SCV  
  12  1:19  SCV  
  12  1:31  Orbital Command  
  12  1:32  Reaper  
  12  1:40  Command Center  
  12  1:51  Supply Depot  
  12  1:58  SCV  
  12  2:04  Marine  
  12  2:07  Factory  
  12  2:11  Refinery  
  12  2:12  SCV  
  12  2:24  Barracks  
  12  2:26  Barracks Reactor  
  12  2:33  Barracks  
  12  2:35  SCV  
  12  2:51  Orbital Command  
  12  2:52  Factory Tech Lab  
  12  2:54  SCV  
  12  3:06  SCV  
  12  3:19  SCV  
  12  3:24  Command Center  
  12  3:27  Marine, SCV  
  12  3:30  Stimpack  
  12  3:37  Marine  
  12  3:38  Marine x2  
  12  3:45  Starport  
  12  3:48  Factory Reactor  
  12  3:50  SCV  
  12  3:54  SCV  
  12  3:58  Marine x2  
  12  3:59  Marine x2  
  12  4:02  SCV  
  12  4:04  Engineering Bay  
  12  4:10  Engineering Bay  
  12  4:16  Marine x2  
  12  4:17  SCV  
  12  4:20  SCV  
  12  4:33  SCV  
  12  4:35  Supply Depot, Medivac x2  
  12  4:36  Marine  
  12  4:40  Terran Infantry Weapons Level 1  
  12  4:43  Terran Infantry Armor Level 1  
  12  4:49  Orbital Command  
  12  4:51  SCV  
  12  4:53  SCV  
  12  4:56  Marine x2  
  12  4:58  Marine  
  12  5:02  Marine  
  12  5:10  SCV x2  
  12  5:13  Factory Tech Lab  
  12  5:14  Marine x2  
  12  5:15  Marine  
  12  5:20  Marine  
  12  5:22  SCV  
  12  5:31  Barracks  
  12  5:32  Marine x2, Combat Shield  
  12  5:33  Barracks  
  12  5:36  Armory  
  12  5:37  SCV x2  
  12  5:41  SCV  
  12  5:45  Refinery  
  12  5:49  SCV  
  12  5:50  Siege Tank, Orbital Command  
  12  6:00  Marine x2  
  12  6:01  Marine  
  12  6:02  Medivac  
  12  6:09  Refinery  
  12  6:13  Supply Depot  
  12  6:17  Supply Depot  
  12  6:18  Marine x2  
  12  6:19  Marine x2  
  12  6:22  Barracks Tech Lab  
  12  6:24  Siege Tank  
  12  6:32  SCV  
  12  6:36  Supply Depot  
  12  6:40  Supply Depot, Barracks Reactor  
  12  6:41  Marine x3, Marauder  
  12  6:42  Concussive Shells  
  12  6:46  SCV  
  12  6:47  SCV x2  
  12  6:56  Siege Tank  
  12  6:58  SCV  
  12  6:59  Supply Depot, Terran Infantry Weapons Level 2, SCV x2  
  12  7:05  Supply Depot  
  12  7:08  Marine x4  
  12  7:09  Terran Infantry Armor Level 2  
  12  7:10  SCV  
  12  7:14  SCV  
  12  7:19  Marine  
  12  7:20  Marine  
  12  7:22  SCV  
  12  7:24  Barracks  
  12  7:28  Terran Vehicle And Ship Armor Level 1, Barracks  
  12  7:30  Barracks  
  12  7:31  Marine x2  
  12  7:34  Barracks Tech Lab  
  12  7:38  Marine  
  12  7:39  Marine, Marauder x2  
  12  7:41  SCV  
  12  7:45  Supply Depot  
  12  7:49  Marine x2, Supply Depot  
  12  7:51  Medivac  
  12  7:52  SCV  
  12  7:53  SCV  
  12  8:00  Marauder x2  
  12  8:03  Marine  
  12  8:04  Marine  
  12  8:08  Command Center, SCV x3  
  12  8:13  Siege Tank  
  12  8:14  Medivac  
  12  8:20  Starport, Barracks Reactor, Barracks Tech Lab  
  12  8:27  Marine x3, Marauder x2  
  12  8:33  Refinery  
  12  8:34  Refinery, SCV  
  12  8:39  Supply Depot  
  12  8:40  SCV x2  
  12  8:41  Marauder  
  12  8:42  Marauder  
  12  8:44  Barracks Reactor  
  12  8:45  Marine x4  
  12  8:48  Marauder  
  12  9:00  SCV, Viking x2  
  12  9:07  Marine x4  
  12  9:16  Supply Depot  
  12  9:19  Marine x2  
  12  9:20  Supply Depot, Marauder x3  
  12  9:28  Supply Depot  
  12  9:29  Supply Depot, Planetary Fortress  
  12  9:31  Missile Turret  
  12  9:33  Marine x2, Marauder  
  12  9:35  Starport Reactor  
  12  9:38  Marine  
  12  9:41  Marauder x3  
  12  9:49  Siege Tank  
  12  9:54  Marine x2  
  12  10:01  Marine  
  12  10:10  Refinery  
  12  10:12  Refinery  
Tags
 
Add a new tag
Caveats
  • Supply blocks, unpowered buildings, or Contaminate may cause inaccurate times.
  • Supply counts are checked every 10 seconds.